 Dungeon Crawl Stone Soup version 0.30.1-11-g7821555f0a (webtiles) character file.

Game seed: 12534401528841113909

1861 leafyfresh the Fighter (level 9, 0/79 HPs)
             Began as a Barachi Delver on Nov 17, 2023.
             Was a Follower of Cheibriados.
             Slain by a hornet (7 damage)
             ... on level 6 of the Dungeon.
             The game lasted 00:13:07 (6116 turns).

leafyfresh the Fighter (Barachi Delver)             Turns: 6116, Time: 00:13:08

Health: 0/79       AC: 13    Str: 17    XL:     9   Next: 13%
Magic:  9/9        EV: 16    Int: 16    God:    Cheibriados [*.....]
Gold:   63         SH:  5    Dex: 19    Spells: 8/8 levels left

rFire   + + .        r - +2 flail of Indomitability {heavy, rElec rF++ rC-}
rCold   x . .        (no shield)
rNeg    . . .        A - +1 ring mail of Kaesm {Int+4}
rPois   .            x - +0 helmet
rElec   +            B - +2 cloak {Will+}
rCorr   .            u - +2 pair of gloves
SInv    .            (no boots)
Will    +....        k - amulet of reflection
Stlth   ++           (no ring)
HPRegen 0.33/turn    (no ring)
MPRegen 0.11/turn

%: reflection
@: slowed, very slow
A: amphibious, slowness 1, strong legs 1, +LOS
a: Hop, Renounce Religion, Bend Time


You were on level 6 of the Dungeon.
You worshipped Cheibriados.
Cheibriados was aware of your devotion.
You visited 2 branches of the dungeon, and saw 7 of its levels.

You collected 393 gold pieces.
You spent 330 gold pieces at shops.

Inventory:

Hand Weapons
 a - a +0 falchion
 i - a +2 long sword of draining
 p - a +0 sling
 r - the +2 flail of Indomitability (weapon) {heavy, rElec rF++ rC-}
   (You found it on level 2 of the Dungeon)

   rF:        It greatly protects you from fire.
   rC:        It makes you vulnerable to cold.
   rElec:     It insulates you from electricity.
 z - a +3 long sword
 C - a +2 whip of freezing
Armour
 b - a +0 leather armour
 u - a +2 pair of gloves (worn)
 x - a +0 helmet (worn)
 A - the +1 ring mail of Kaesm (worn) {Int+4}
   (You bought it in a shop on level 5 of the Dungeon)

   Int:       It affects your intelligence (+4).
 B - a +2 cloak of willpower (worn)
 D - +0 acid dragon scales
Magical Staves
 t - a staff of fire
 v - a staff of air
Jewellery
 k - an amulet of reflection (around neck)
Wands
 g - a wand of digging (2)
 E - a wand of flame (16)
 F - a wand of paralysis (9)
Scrolls
 c - 3 scrolls of fog
 d - 2 scrolls of magic mapping
 e - a scroll of fear
 h - 2 scrolls of noise
 l - 3 scrolls of teleportation
 q - 3 scrolls of immolation
 s - a scroll of butterflies
 y - a scroll of blinking
Potions
 f - 2 potions of haste
 j - 4 potions of flight {unknown}
 m - 3 potions of degeneration {unknown}
 n - 2 potions of curing
 o - 2 potions of mutation {unknown}
 w - a potion of lignification {unknown}
 G - a potion of ambrosia {unknown}


   Skills:
 + Level 10.4 Fighting
 - Level 2.4 Long Blades
 + Level 9.2 Dodging
 + Level 4.5 Stealth


You had 8 spell levels left.
You didn't know any spells.
Your spell library contained the following spells:

 Spells                   Type           Power      Damage    Failure   Level
 Freeze                   Ice            0%         1d3       43%         1
 Cigotuvi's Dreadful Rot  Necr/Pois/Air  0%         N/A       56%         2
 Frozen Ramparts          Ice            0%         1d1       80%         3
 Hailstorm                Conj/Ice       0%         3d3       80%         3
 Animate Dead             Necr           0%         N/A       99%         4
 Dispel Undead            Necr           0%         3d6       99%         4
 Petrify                  Tmut/Erth      0%         N/A       99%         4
 Metabolic Englaciation   Hex/Ice        0%         N/A       100%        5
 Death Channel            Necr           0%         N/A       100%        6
 Statue Form              Tmut/Erth      0%         N/A       100%        6
 Haunt                    Necr/Summ      0%         N/A       100%        7
 Infestation              Necr           0%         N/A       100%        8


Dungeon Overview and Level Annotations

Branches:
Dungeon (6/15)             Temple (1/1) D:6

Altars:
Cheibriados
Dithmenos
Okawaru
Zin
The Shining One

Shops:
D:5 *

Annotations:
D:6 3 runed translucent doors


Innate Abilities, Weirdness & Mutations

You are amphibious.
You cover ground slowly.
You can hop short distances.
You have an extended range of vision and can be seen from far away.


Message History

The hornet buzzes angrily.
Okay, then.
The hornet closely misses you. The hornet stings you.
You are poisoned.
You suddenly lose the ability to move!
The hornet stings you!
You are more poisoned.
You feel yourself slow down.
You feel yourself speed up.
You feel very sick.
The hornet stings you but does no damage.
You feel very sick. The hornet stings you!
You feel yourself slow down. The hornet stings you!
You feel as though you will be slow longer.
You can move again.
You closely miss the hornet.
You feel yourself speed up.
You feel extremely sick. The hornet stings you!
* * * LOW HITPOINT WARNING * * *
You are lethally poisoned!
You feel yourself slow down. The hornet stings you!
* * * LOW HITPOINT WARNING * * *
You feel as though you will be slow longer.
The hornet barely misses you. The hornet misses you.
The hornet closely misses you.
You feel better.
The hornet stings you but does no damage.
You block the hornet's attack.
You feel better.
You feel yourself speed up.
The hornet stings you but does no damage.
The hornet stings you!
* * * LOW HITPOINT WARNING * * *
You feel yourself slow down.
Unknown command.
You miss the hornet. The hornet stings you!
* * * LOW HITPOINT WARNING * * *
You feel as though you will be slow longer.
The hornet misses you. The hornet stings you!
You die...

#.. #. ..###... .
#..##. . ####
.####..... .. #
...#.....# ... #
.......# ##... #
#..#..##.... ##
##. #........#
#.###. #..##
#....y# #.....
#....## #...@#
##....
.......###...##
#.#.#
.##.......#.#....#
Z #...
#.###....##.#....#
...##.# #
#..###...##.+...##
...#.. # #..
#..###.+...#
...#..###
#..##..###.+.Z.#
.##....
#..#))....#...#
#....
#....)....#....
#....


You could see a hornet.

Vanquished Creatures
  Pikel (D:6)
  An acid dragon (D:5)
  A water moccasin (D:6)
  Duvessa (D:4)
  An ice beast (D:4)
  A black bear (D:5)
  2 ogres (D:5)
  4 lemures (D:6)
  2 phantoms
  A scorpion (D:3)
  4 wights (D:6)
  Dowan (D:4)
  A jelly (D:4)
  2 orc priests (D:6)
  A hound (D:4)
  An orc wizard (D:6)
  An iguana (D:5)
  Robin (D:2)
  3 adders
  A white imp (D:6)
  An ufetubus (D:6)
  A worm (D:3)
  4 dart slugs
  20 orcs
  5 endoplasms
  2 giant cockroaches
  14 goblins
  9 hobgoblins
  A quokka (D:4)
  4 ball pythons
  4 bats
  2 frilled lizards (D:1)
  7 kobolds
  2 rats (D:1)
107 creatures vanquished.

Notes
Turn   | Place    | Note
-------+----------+-------------------------------------------
     0 | D:5      | leafyfresh the Barachi Delver began the quest for the Orb.
     0 | D:5      | Reached XP level 1. HP: 18/18 MP: 1/1
    50 | D:4      | Noticed a hound
    58 | D:4      | Killed a hound
    59 | D:4      | Reached skill level 4 in Fighting
    59 | D:4      | Reached XP level 2. HP: 11/26 MP: 2/2
    59 | D:4      | Reached XP level 3. HP: 13/31 MP: 3/3
   394 | D:4      | Reached XP level 4. HP: 19/38 MP: 4/4
   765 | D:4      | Noticed an ice beast
   841 | D:3      | Reached skill level 5 in Fighting
   867 | D:3      | Noticed a phantom
   878 | D:3      | Killed a phantom
   879 | D:3      | Reached XP level 5. HP: 36/45 MP: 5/5
   961 | D:3      | Reached skill level 6 in Fighting
  1178 | D:2      | Identified the +2 flail of Indomitability {heavy, rElec
                  | rF++ rC-}
  1335 | D:2      | Noticed Robin
  1338 | D:2      | Reached XP level 6. HP: 52/52 MP: 6/6
  1343 | D:2      | Killed Robin
  1347 | D:2      | Reached skill level 5 in Dodging
  2606 | D:4      | Noticed Duvessa
  2606 | D:4      | Noticed Dowan
  2624 | D:4      | HP: 1/53 [Duvessa/+0 short sword (3)]
  3254 | D:5      | Reached skill level 7 in Fighting
  3254 | D:5      | Reached XP level 7. HP: 34/60 MP: 7/7
  3355 | D:5      | Found a glowing silver altar of Zin.
  3480 | D:5      | Found Huejec's Assorted Antiques.
  3574 | D:5      | Bought an ichor-stained ring mail for 180 gold pieces
  3574 | D:5      | Identified the +1 ring mail of Kaesm {Int+4} (You bought it
                  | in a shop on level 5 of the Dungeon)
  3574 | D:5      | Bought a glowing cloak for 150 gold pieces
  4119 | D:6      | Reached skill level 8 in Fighting
  4152 | D:6      | Noticed Pikel
  4159 | D:6      | Noticed a hornet
  4391 | D:6      | Killed Pikel
  4392 | D:6      | Reached skill level 9 in Fighting
  4392 | D:6      | Reached XP level 8. HP: 59/71 MP: 8/8
  5076 | D:6      | Found a staircase to the Ecumenical Temple.
  5095 | Temple   | Entered the Ecumenical Temple
  5133 | Temple   | Became a worshipper of Cheibriados the Contemplative
  5484 | D:4      | Killed Duvessa
  5485 | D:4      | Reached skill level 10 in Fighting
  5485 | D:4      | Reached XP level 9. HP: 76/78 MP: 9/9
  5492 | D:4      | Killed Dowan
  5999 | D:6      | Found a runed translucent gate.
  5999 | D:6      | Found a runed translucent gate.
  6004 | D:6      | Reached * piety under Cheibriados
  6108 | D:6      | Found a runed translucent gate.
  6110 | D:6      | Paralysed by a hornet for 3 turns
  6116 | D:6      | Slain by a hornet

Illustrated notes

Levels and vault maps discovered:
D:1:      scummos_arrival_hexagon, layout_basic
D:2:      layout_loops_ring, uniq_robin
D:3:      layout_rooms
D:4:      layout_basic, lightli_ossuary_entry_decrepit_ruins, corexii_shack,
          uniq_duvessa
D:5:      layout_loops_ring, lemuel_tele_altar, serial_shops,
          nicolae_shop_tiny_real_fake_doors
D:6:      layout_layer_cave, minmay_temple_entry_statues_pillars,
          gammafunk_ghost_icy, uniq_pikel
Temple:   minmay_crystal_spiral_temple

Skill      XL: |  1  2  3  4  5  6  7  8  9 |
---------------+----------------------------+-----
Fighting       | 4 5 6 7 9 10 | 10.4
Dodging        | 3 4 5 7 8 9 |  9.2
Long Blades    | |  2.4
Stealth        | |  4.5

Action                     |  1- 3 |  4- 6 |  7- 9 || total
---------------------------+-------+-------+-------++-------
  Melee: Falchion          |     8 |       |       ||     8
         Long sword        |     9 |    72 |       ||    81
         Flail             |       |    70 |   148 ||   218
         Punch             |       |       |     3 ||     3
  Evoke: Wand              |       |       |     1 ||     1
    Use: Scroll            |       |     5 |     4 ||     9
         Potion            |       |       |     2 ||     2
   Stab: Sleeping          |     2 |    11 |     1 ||    14
         Distracted        |     1 |       |       ||     1
 Armour: Leather armour    |     4 |    22 |     3 ||    29
         Ring mail         |       |       |   107 ||   107
  Dodge: Dodged            |    10 |   111 |   165 ||   286
  Block: Other             |     1 |    45 |    55 ||   101
         Reflection        |       |       |     2 ||     2
